 Dungeon Crawl Stone Soup version 0.21-a0-122-g43b3ea6 (webtiles) character file.

2223 HateThisGame the Basher (level 9, -3/63 HPs)
             Began as a Mummy Fighter on July 13, 2017.
             Was an Initiate of Gozag.
             Slain by wazuzu's ghost (19 damage)
             ... on level 7 of the Dungeon.
             The game lasted 00:29:23 (9906 turns).

HateThisGame the Basher (Mummy Fighter)             Turns: 9906, Time: 00:29:24

Health: -3/63      AC:  9    Str: 22    XL:     9   Next: 13%
Magic:  9/9        EV:  7    Int:  8    God:    Gozag
Gold:   352        SH:  9    Dex: 11    Spells: 8/8 levels left

rFire    x . .     SeeInvis .   f - +1 whip (elec)
rCold    + . .     Gourm    .   c - +0 shield
rNeg     + + +     Faith    .   b - +0 scale mail
rPois    ∞         Spirit   .   j - +0 helmet
rElec    .         Reflect  .   (no cloak)
rCorr    .         Harm     .   k - +1 pair of gloves
MR       +....                  (no boots)
Stlth    ..........             (no amulet)
HPRegen  0.20/turn              (no ring)
MPRegen  0.11/turn              (no ring)

@: very slightly contaminated
A: no food or potions, fire vulnerability, cold resistance 1, negative energy
resistance 3, torment resistance, unbreathing
a: Potion Petition, Call Merchant, Bribe Branch, Renounce Religion


You were on level 7 of the Dungeon.
You worshipped Gozag.
Gozag was aware of your devotion.
You were not hungry.

You visited 2 branches of the dungeon, and saw 8 of its levels.

You collected 612 gold pieces.
You spent 158 gold pieces at shops.
You paid 102 gold pieces to Gozag.

Inventory:

Hand Weapons
 a - a +0 flail
 f - a +1 whip of electrocution (weapon)
Missiles
 n - a javelin (quivered)
Armour
 b - a +0 scale mail (worn)
 c - a +0 shield (worn)
 j - a +0 helmet (worn)
 k - a +1 pair of gloves (worn)
Wands
 h - a wand of digging (9/24)
 l - a wand of acid (0/15)
 o - a wand of lightning (0/15)
Scrolls
 d - 6 scrolls of teleportation
 e - a scroll of amnesia
 g - 2 scrolls of remove curse
 i - a scroll of fog
 m - 2 scrolls of fear


   Skills:
 - Level 3.0 Fighting
 + Level 9.7 Maces & Flails
 - Level 2.4 Armour
 + Level 4.2 Shields


You had 8 spell levels left.
You didn't know any spells.

Dungeon Overview and Level Annotations

Branches:
Dungeon (7/15)             Temple (1/1) D:6

Altars:
Ashenzari
Cheibriados
Dithmenos
Elyvilon
Fedhas
Gozag
Hepliaklqana
Kikubaaqudgha
Makhleb
Nemelex Xobeh
Qazlal
Ru
Sif Muna
Trog
Uskayaw
Vehumet
Wu Jian
Xom
Yredelemnul
Zin
The Shining One

Shops:
D:7 (

Annotations:
D:3 Grinder
D:6 4 exclusions
D:7 wazuzu's ghost, novice HuCK


Innate Abilities, Weirdness & Mutations

You do not eat or drink.
Your flesh is vulnerable to fire.
You are immune to poison.
Your flesh is cold resistant. (rC+)
You are immune to negative energy. (rN+++)
You are immune to unholy pain and torment.
You can survive without breathing.


Message History

You block wazuzu's ghost's attack.
You barely miss wazuzu's ghost. Wazuzu's ghost hits you!
You hit wazuzu's ghost but do no damage.
You flicker back into view.
You block wazuzu's ghost's attack.
You hit wazuzu's ghost but do no damage.
Wazuzu's ghost hits you but does no damage.
You hit wazuzu's ghost but do no damage.
You block wazuzu's ghost's attack.
You hit wazuzu's ghost but do no damage.
Wazuzu's ghost hits you. Wazuzu's ghost freezes you.
Your shield prevents you from hitting wazuzu's ghost.
You block wazuzu's ghost's attack.
You closely miss wazuzu's ghost. Wazuzu's ghost hits you.
You convulse.
You feel yourself speed up. Wazuzu's ghost hits you!
* * * LOW HITPOINT WARNING * * *
You are electrocuted!
You die...
Your body crumbles into a pile of gold.

########.#####.#
#........#.
#!.......#####.####
#........##
#........##.......#
#........##
#........########.#
#.W......##
#..#.#...# #...#
##...###.##
##..∩..#)# ###.###
#...# #...
###.###.# #...#
#g..# #### #.# #.#
#.### #...# #.# #.#
#.W@# #...# #.# #.#
###########...####
#.# #.#
#.§...$.......#
#.###.#
#.###########.#
#.....# ####.# #.#
#.##### #....#
#.### #)# #.####
#.... #)########.#
#########.
###).........#
#......O))


You could see wazuzu's ghost.

Vanquished Creatures
  A deep elf mage (D:6)
  An orc warrior (D:6)
  An ice beast (D:6)
  2 sky beasts (D:6)
  An ogre (D:7)
  2 centaurs (D:5)
  A bullfrog (D:6)
  A water moccasin skeleton (D:6)
  A scorpion (D:4)
  3 wights (D:7)
  4 crimson imps
  2 hounds
  3 orc priests
  A centaur skeleton (D:6)
  A gnoll shaman (D:7)
  5 orc wizards
  A bullfrog skeleton (D:5)
  An iguana (D:4)
  A worker ant (D:4)
  A hound zombie (D:6)
  Robin (D:3)
  16 gnolls
  6 adders
  An adder zombie (D:5)
  A worm (D:2)
  2 dart slugs
  6 leopard geckos
  24 orcs
  A ball python (D:6)
  4 giant cockroaches
  19 goblins
  8 hobgoblins
  8 jackals
  7 kobolds
  A quokka (D:5)
  6 bats (D:1)
  3 frilled lizards (D:1)
  A quokka skeleton (D:4)
  8 rats
157 creatures vanquished.

Vanquished Creatures (others)
  A quokka (D:5)
1 creature vanquished.

Grand Total: 158 creatures vanquished

Notes
Turn   | Place    | Note
-------+----------+-------------------------------------------
     0 | D:1      | HateThisGame the Mummy Fighter began the quest for the Orb.
     0 | D:1      | Reached XP level 1. HP: 18/18 MP: 1/1
   148 | D:1      | Reached skill level 2 in Maces & Flails
   188 | D:1      | Reached XP level 2. HP: 21/24 MP: 2/2
   811 | D:1      | Reached XP level 3. HP: 29/29 MP: 3/3
   954 | D:2      | Reached skill level 3 in Maces & Flails
  2398 | D:3      | Reached XP level 4. HP: 35/35 MP: 4/4
  2619 | D:3      | Noticed Robin
  2738 | D:3      | Reached skill level 4 in Maces & Flails
  2742 | D:3      | Killed Robin
  2980 | D:3      | Noticed Grinder
  2995 | D:3      | Paralysed by Grinder for 5 turns
  3568 | D:3      | Reached XP level 5. HP: 8/41 MP: 5/5
  4152 | D:3      | Reached skill level 5 in Maces & Flails
  4454 | D:4      | Reached XP level 6. HP: 29/47 MP: 6/6
  4912 | D:4      | Reached skill level 6 in Maces & Flails
  5127 | D:5      | Entered Level 5 of the Dungeon
  5240 | D:5      | Noticed an ice beast
  5397 | D:5      | Found a white marble altar of Elyvilon.
  5478 | D:5      | Reached XP level 7. HP: 35/52 MP: 7/7
  5847 | D:5      | Reached skill level 7 in Maces & Flails
  6199 | D:6      | Found a staircase to the Ecumenical Temple.
  6412 | Temple   | Entered the Ecumenical Temple
  6576 | Temple   | Became a worshipper of Gozag Ym Sagoz the Greedy
  7147 | D:6      | Got a steaming robe
  7164 | D:6      | Reached XP level 8. HP: 58/58 MP: 8/8
  7167 | D:6      | Identified the +0 robe of the Lizard {Str+5} (You found it on level 6 of the Dungeon)
  7254 | D:6      | Noticed a deep elf mage
  7270 | D:6      | Killed a deep elf mage
  7270 | D:6      | Reached skill level 8 in Maces & Flails
  7637 | D:6      | Reached skill level 9 in Maces & Flails
  8329 | D:7      | Found Joco's Weapon Boutique.
  8338 | D:7      | Bought a +1 whip of electrocution for 158 gold pieces
  9051 | D:7      | Reached XP level 9. HP: 44/63 MP: 9/9
  9295 | D:7      | Noticed wazuzu's ghost (novice HuCK)
  9906 | D:7      | Slain by wazuzu's ghost

Vault maps used:
D:1:      lightli_arrival_statuegarden, minmay_hexomino_p4
D:2:      serial_forest, infiniplex_forest_straight_2,
          infiniplex_forest_straight_3, infiniplex_forest_clump_medium,
          infiniplex_forest_clump_cross, infiniplex_forest_end_2,
          infiniplex_forest_clump_diagonal, infiniplex_forest_clump_tiny,
          infiniplex_forest_split, infiniplex_forest_straight_4,
          infiniplex_forest_clump_curved
D:3:      kennysheep_goblin_castle, uniq_grinder, uniq_robin,
          uniq_crazy_yiuf_cottage
D:4:      minmay_goblin_outpost
D:5:      first_bread, corexii_leaking_fountain, elyvilon_altar_4
D:6:      cheibrodos_helix_gallery, minmay_temple_entry_grid, st_stairs_11,
          guppyfry_early_elven_hall
D:7:      serial_shops, nicolae_shop_crystal
Temple:   kilobyte_greek_temple

Skill      XL: |  1  2  3  4  5  6  7  8  9 |
---------------+----------------------------+-----
Maces & Flails | 2 3 4 5 6 7 9 |  9.7
Shields        | 3 4 |  4.2
Fighting       | |  3.0
Armour         | |  2.4

Action                   |  1- 3 |  4- 6 |  7- 9 || total
-------------------------+-------+-------+-------++-------
Melee: Flail             |   156 |   269 |   181 ||   606
       War axe           |       |       |    40 ||    40
       Whip              |       |       |   170 ||   170
Throw: Throwing net      |       |     3 |       ||     3
       Javelin           |       |       |     1 ||     1
Invok: Potion Petition   |       |       |     1 ||     1
Evoke: Wand              |       |     2 |     9 ||    11
  Use: Scroll            |     6 |     4 |     4 ||    14
 Stab: Invisible         |       |       |     7 ||     7
Armor: Scale mail        |    86 |   132 |   107 ||   325
Dodge: Dodged            |    93 |   148 |    95 ||   336
Block: Shield            |       |       |    73 ||    73
